 Dungeon Crawl Stone Soup version 0.30-a0-881-g1ff12e1e11 (webtiles) character file.

Game seed: 15445774693458670651

1211 Newt the Skirmisher (level 8, -1/42 (46) HPs)
             Began as a Kobold Hunter on Mar 14, 2023.
             Was a Follower of Hepliaklqana.
             Slain by a wight
             ... wielding a +2 hand axe
              (8 damage)
             ... on level 6 of the Dungeon.
             The game lasted 00:05:02 (5191 turns).

Newt the Skirmisher (Kobold Hunter)                 Turns: 5191, Time: 00:05:03

HP:   -1/42 (46)    AC:  4    Str:  9    XL:     8   Next: 74%
MP:   8/8           EV: 18    Int: 17    God:    Hepliaklqana [*.....]
Gold: 268           SH:  0    Dex: 20    Spells: 7/7 levels left

rFire   . . .      SeeInvis .    a - +0 shortbow
rCold   + . .      Faith    .    (shield currently unavailable)
rNeg    . . .      Spirit   .    t - +0 robe of the Kraken {Contam rPois rC+ Int+7}
rPois   +          Reflect  .    k - +0 helmet
rElec   .          Rampage  .    f - +0 cloak
rCorr   .                        (no gloves)
Will    .....                    (no boots)
Stlth   +++                      (no amulet)
HPRegen 0.27/turn                (no ring)
MPRegen 0.11/turn                (no ring)

@: studying Transmutations, drained
A: reduced essence, small, no large weapons, nightstalker 3
a: Renounce Religion, Recall Ancestor, Ancestor Identity


You were on level 6 of the Dungeon.
You worshipped Hepliaklqana.
Hepliaklqana was aware of your devotion.
You visited 1 branch of the dungeon, and saw 6 of its levels.

You collected 268 gold pieces.

Inventory:

Hand Weapons
 a - a +0 shortbow (weapon)
Missiles
 i - a throwing net
Armour
 c - a +0 leather armour
 f - a +0 cloak (worn)
 k - a +0 helmet (worn)
 t - the +0 robe of the Kraken (worn) {Contam rPois rC+ Int+7}
   (You found it on level 5 of the Dungeon)

   Int:       It affects your intelligence (+7).
   rC:        It protects you from cold.
   rPois:     It protects you from poison.
   Contam:    It causes magical contamination when unequipped.
Wands
 s - a wand of paralysis (11)
Scrolls
 b - 4 scrolls of immolation
 h - 2 scrolls of teleportation
 o - a scroll of enchant armour
 p - 2 scrolls of amnesia
 q - a scroll of vulnerability
 u - a scroll of poison
Potions
 d - 2 potions of haste
 e - 2 potions of mutation
 g - a potion of heal wounds
 j - a potion of attraction
 l - a potion of lignification {unknown}
 m - 2 potions of resistance {unknown}
 n - a potion of flight {unknown}


   Skills:
 + Level 6.8 Fighting
 - Level 10.0 Ranged Weapons
 - Level 6.0 Dodging
 - Level 1.3 Stealth


You had 7 spell levels left.
You didn't know any spells.
Your spell library contained the following spells:

 Spells                   Type           Power      Damage    Failure   Level
 Sting                    Tmut/Pois      0%         1d3       24%         1
 Poisonous Vapours        Pois/Air       0%         N/A       34%         2
 Kindle Blastsparks       Fire/Tloc/Air  0%         2d10      56%         3
 Vhi's Electric Charge    Tloc/Air       0%         N/A       56%         3
 Fulminant Prism          Conj/Hex       0%         3d5       93%         4
 Iskenderun's Mystic Bla  Conj/Tloc      0%         2d3       93%         4
 Olgreb's Toxic Radiance  Pois           0%         N/A       93%         4
 Arcjolt                  Conj/Air       0%         1d10      100%        5
 Lee's Rapid Deconstruct  Erth           0%         3d4*      100%        5
 Maxwell's Capacitive Co  Air            0%         ∞         100%        8


Dungeon Overview and Level Annotations

Branches:
Dungeon (6/15)
 Temple: D:4-7

Altars:
Hepliaklqana
Vehumet
Xom
Zin


Innate Abilities, Weirdness & Mutations

Your life essence is reduced to manifest your ancestor. (-10% HP)
You are small and have problems with some larger weapons.
You are completely attuned to the shadows.


Message History

* * * LOW HITPOINT WARNING * * *
You shoot an arrow.
The arrow completely misses the water moccasin.
The arrow hits the wight but does no damage.
The wight is heavily damaged.
The water moccasin barely misses you.
Unknown command.
You shoot an arrow. The arrow hits the water moccasin!
You kill the water moccasin!
Unknown command.
You shoot an arrow.
The arrow hits the wight but does no damage.
The wight is heavily damaged.
The wight hits you with a +2 hand axe.
* * * LOW HITPOINT WARNING * * *
You feel drained.
* * * LOW HITPOINT WARNING * * *
You feel much better. The wight barely misses you.
You shoot an arrow.
The arrow hits the wight but does no damage.
The wight is heavily damaged.
The wight hits you with a +2 hand axe.
You shoot an arrow. The arrow barely misses the wight.
The arrow completely misses the wight.
The arrow barely misses the wight.
The wight hits you with a +2 hand axe!
* * * LOW HITPOINT WARNING * * *
You shoot an arrow. The arrow closely misses the wight.
The arrow hits the wight!
The wight is heavily damaged.
The wight hits you with a +2 hand axe.
* * * LOW HITPOINT WARNING * * *
You feel drained.
* * * LOW HITPOINT WARNING * * *
The wight attacks as you move away! The wight hits you with a +2 hand axe.
* * * LOW HITPOINT WARNING * * *
The wight attacks as you move away! The wight closely misses you.
The wight attacks as you move away! The wight completely misses you.
There is a stone staircase leading up here.
The wight hits you with a +2 hand axe!
You die...

.>....†...........##
..########........##
### ####......## #
##......# #....###
#...## #...##
#....###############
#..@.....>..........
#(.z................
##.z..######..######
##z.## ######
#.z#####...#
#....zz....##
+....####...# #...##
##..# #...# #...#


You could see 4 wights.

Vanquished Creatures
  2 water moccasins
  2 black bears (D:6)
  A phantom (D:5)
  A scorpion (D:4)
  A wight (D:6)
  A howler monkey (D:4)
  8 hounds
  An orc priest (D:5)
  A jelly (D:6)
  An iguana (D:5)
  An orc wizard (D:5)
  3 adders
  2 gnolls
  A shadow imp (D:6)
  2 white imps
  2 ufetubi (D:4)
  2 worms
  16 orcs
  8 endoplasms
  2 giant cockroaches
  5 goblins
  10 hobgoblins
  12 jackals
  10 kobolds
  5 ball pythons
  6 bats
  2 frilled lizards
  8 rats
116 creatures vanquished.

Vanquished Creatures (collateral kills)
  A hound (D:5)
  An orc priest (D:6)
2 creatures vanquished.

Vanquished Creatures (others)
  2 ancestors (D:6)
2 creatures vanquished.

Grand Total: 120 creatures vanquished

Notes
Turn   | Place    | Note
-------+----------+-------------------------------------------
     0 | D:1      | Newt the Kobold Hunter began the quest for the Orb.
     0 | D:1      | Reached XP level 1. HP: 12/12 MP: 1/1
   204 | D:1      | Reached XP level 2. HP: 18/18 MP: 2/2
   412 | D:1      | Reached XP level 3. HP: 17/24 MP: 3/3
  1507 | D:2      | Reached XP level 4. HP: 30/30 MP: 4/4
  1589 | D:2      | Found a faded altar of an unknown god.
  1723 | D:2      | Found a shimmering altar of Xom.
  1870 | D:3      | Found a hazy altar of Hepliaklqana.
  1951 | D:3      | Noticed a water moccasin
  1957 | D:3      | Killed a water moccasin
  1958 | D:3      | Reached skill level 5 in Fighting
  1958 | D:3      | Reached skill level 6 in Ranged Weapons
  1958 | D:3      | Reached XP level 5. HP: 29/35 MP: 5/5
  2189 | D:3      | Reached skill level 7 in Ranged Weapons
  2189 | D:3      | Reached XP level 6. HP: 40/40 MP: 6/6
  2436 | D:3      | Found a glowing silver altar of Zin.
  2820 | D:3      | Reached skill level 8 in Ranged Weapons
  2982 | D:3      | Became a worshipper of Hepliaklqana the Forgotten
  3215 | D:4      | Noticed a water moccasin
  3216 | D:4      | Reached XP level 7. HP: 44/44 MP: 7/7
  3224 | D:4      | Reached skill level 9 in Ranged Weapons
  3247 | D:3      | HP: 2/44 [poisoned by a water moccasin]
  3872 | D:5      | Entered Level 5 of the Dungeon
  3896 | D:5      | Found a radiant altar of Vehumet.
  3954 | D:5      | Reached skill level 10 in Ranged Weapons
  4256 | D:5      | Identified the +0 robe of the Kraken {Contam rPois rC+
                  | Int+7}
  4312 | D:5      | Reached * piety under Hepliaklqana
  4387 | D:5      | Reached XP level 8. HP: 14/44 MP: 8/8
  4848 | D:6      | Reached skill level 5 in Dodging
  5191 | D:6      | Slain by a wight

Illustrated notes

Levels and vault maps discovered:
D:1:      amcnicky_arrival_flooded_fountain, layout_basic, roderic_lattice_a
D:2:      layout_basic, basic_altar, serial_glass, glass_columns_a,
          glass_columns_c, glass_columns_a, glass_columns_c, glass_columns_c,
          glass_columns_a, item_on_display_a, due_unseen_surprise,
          feat_on_display, ebering_ecumenical_altar_abandoned,
          kennysheep_small_spiral
D:3:      layout_loops_corners, mainiacjoe_overflow_tiny_flanked,
          mainiacjoe_overflow_alcove_4, cheibrodos_gnoll_hut
D:4:      layout_rooms, chequers_serial_rivers_micro_e,
          amcnicky_mini_pool_small, minmay_manual_moon
D:5:      layout_basic, mainiacjoe_overflow_small_starburst
D:6:      layout_layer_cave, mainiacjoe_overflow_brackets,
          minmay_temple_entry_glassed_door

Skill      XL: |  1  2  3  4  5  6  7  8 |
---------------+-------------------------+-----
Fighting       | 3 4 5 6 |  6.8
Ranged Weapons | 6 7 8 10 | 10.0
Dodging        | 4 6 |  6.0
Stealth        | |  1.3

Action                     |  1- 3 |  4- 6 |  7- 9 || total
---------------------------+-------+-------+-------++-------
  Melee: Shortbow          |       |       |     1 ||     1
   Fire: Shortbow          |    77 |   114 |   143 ||   334
    Use: Scroll            |     5 |     3 |     4 ||    12
         Potion            |       |       |     6 ||     6
 Armour: Leather armour    |     5 |    16 |    26 ||    47
  Dodge: Dodged            |    26 |    53 |    67 ||   146

Table legend: (Time is in decaauts)
 A = Elapsed time spent in this place.
 B = Non-inter-level travel time spent in this place.
 C = Inter-level travel time spent in this place.
 D = Time resting spent in this place.
 E = Time spent auto-exploring this place.
 F = Levels seen in this place.
 G = Mean time per level.
                   A        B        C        D        E       F      G
               +--------+--------+--------+--------+--------+-----+--------+
         Total |   5228 |   5009 |    219 |    680 |   3604 |   6 |  871.3 |
       Dungeon |   5228 |   5009 |    219 |    680 |   3604 |   6 |  871.3 |
               +--------+--------+--------+--------+--------+-----+--------+

Top non-repeatable levels by time:
     D:3: 1513 daAuts
     D:1: 955 daAuts
     D:5: 954 daAuts
     D:2: 839 daAuts
     D:4: 597 daAuts
     D:6: 367 daAuts
